 Dungeon Crawl Stone Soup version 0.27-a0-1228-gfd60fd639a (webtiles) character file.

Game seed: 5691370650343312230

1087 pokeman the Thaumaturge (level 8, -5/44 HPs)
             Began as a Deep Elf Hedge Wizard on June 7, 2021.
             Slain by a wyvern (9 damage)
             ... on level 6 of the Dungeon.
             The game lasted 00:11:23 (6820 turns).

pokeman the Thaumaturge (Deep Elf Hedge Wizard)     Turns: 6820, Time: 00:11:24

Health: -5/44      AC:  4    Str:  7    XL:     8   Next: 9%
Magic:  8/23       EV: 13    Int: 22    God:
Gold:   285        SH:  0    Dex: 26    Spells: 14/25 levels left

rFire    . . .     SeeInvis .   k - +2 whip (elec)
rCold    . . .     Faith    .   (no shield)
rNeg     . . .     Spirit   .   e - +0 leather armour
rPois    .         Reflect  .   c - +0 hat
rElec    .         Harm     .   r - +0 cloak
rCorr    .         Rampage  .   (no gloves)
Will     .....                  (no boots)
Stlth    +++.......             j - amulet of the acrobat
HPRegen  0.14/turn              u - +6 ring of dexterity
MPRegen  0.18/turn              t - +6 ring of dexterity

@: very slightly contaminated
A: no striking features
a: no special abilities


You were on level 6 of the Dungeon.
You visited 2 branches of the dungeon, and saw 7 of its levels.

You collected 285 gold pieces.

Inventory:

Hand Weapons
 k - a +2 whip of electrocution (weapon)
 q - a +3 quarterstaff of chaos
Missiles
 i - 56 arrows
 m - 5 curare-tipped darts
Armour
 c - a +0 hat (worn)
 e - a +0 leather armour (worn)
 r - a +0 cloak (worn)
Jewellery
 j - an amulet of the acrobat (around neck)
 s - a ring of protection from fire
 t - a +6 ring of dexterity (right hand)
 u - a +6 ring of dexterity (left hand)
Wands
 n - a wand of polymorph (18)
Scrolls
 b - a scroll of torment {unknown}
 d - 7 scrolls of identify {unknown}
 f - 3 scrolls of enchant weapon {unknown}
 g - a scroll of fear {unknown}
 h - a scroll of amnesia {unknown}
 o - 2 scrolls of teleportation {unknown}
 p - a scroll of summoning {unknown}
 v - a scroll of blinking {unknown}
Potions
 a - 2 potions of heal wounds {unknown}
 l - 2 potions of might {unknown}


   Skills:
 - Level 2.0 Fighting
 + Level 1.7 Armour
 - Level 3.0 Dodging
 - Level 3.0 Stealth
 * Level 9.1 Spellcasting
 + Level 4.6 Conjurations
 - Level 1.1 Summonings
 - Level 1.1 Translocations
 + Level 3.2 Fire Magic
 - Level 1.0 Air Magic
 - Level 1.0 Poison Magic
 - Level 1.0 Evocations


You had 14 spell levels left.
You knew the following spells:

 Your Spells              Type           Power      Damage    Failure   Level
a - Magic Dart            Conj           100%       1d8       1%          1
b - Mephitic Cloud        Conj/Pois/Air  19%        N/A       12%         3
c - Call Imp              Summ           14%        N/A       10%         2
d - Blink                 Tloc           N/A        N/A       10%         2
e - Conjure Flame         Conj/Fire      27%        6-21      5%          3

Your spell library contained the following spells:

 Spells                   Type           Power      Damage    Failure   Level
 Searing Ray              Conj           60%        3d5       2%          2
 Dazzling Flash           Conj/Hex       40%        N/A       11%         3
 Slow                     Hex            10%        N/A       14%         2
 Iskenderun's Mystic Bla  Conj/Tloc      22%        2d6       30%         4
 Fulminant Prism          Conj/Hex       10%        3d9       36%         4


Dungeon Overview and Level Annotations

Branches:
Dungeon (6/15)             Temple (1/1) D:4

Altars:
Cheibriados
Dithmenos
Elyvilon
Gozag
Hepliaklqana
Makhleb
Nemelex Xobeh
Okawaru
Ru
Sif Muna
Uskayaw
Wu Jian
Xom
Yredelemnul
Zin
The Shining One

Shops:
D:3 *   D:5 =


Message History

Aiming: Mephitic Cloud (dangerous; 12% risk of failure)
Press: ? - help, Shift-Dir - straight line, f/p - wyvern
Aim: a wyvern (chance to affect: 77%)
The ball explodes into a vile cloud!
The stinking cloud engulfs the wyvern but does no damage.
The wyvern is engulfed in noxious fumes.
The wyvern appears confused.
The centaur shoots an arrow.
The arrow hits you!
* * * LOW HITPOINT WARNING * * *
The wyvern is engulfed in noxious fumes.
The wyvern appears confused.
The wyvern bites you!
* * * LOW HITPOINT WARNING * * *
Unknown command.
The wyvern is engulfed in noxious fumes.
The wyvern appears confused.
The centaur shoots an arrow.
The arrow closely misses you.
Casting: Mephitic Cloud (dangerous; 12% risk of failure)
Confirm with . or Enter, or press ? or * to list all spells.
Aiming: Mephitic Cloud (dangerous; 12% risk of failure)
Press: ? - help, Shift-Dir - straight line, f - centaur
Aim: a centaur, wielding a +0 shortbow and quivering arrows (chance to affect: 81%)
You miscast Mephitic Cloud.
Nothing appears to happen.
Casting: Mephitic Cloud (dangerous; 12% risk of failure)
Confirm with . or Enter, or press ? or * to list all spells.
Aiming: Mephitic Cloud (dangerous; 12% risk of failure)
Press: ? - help, Shift-Dir - straight line, f/p - centaur
Aim: a centaur, wielding a +0 shortbow and quivering arrows (chance to affect: 81%)
The ball explodes into a vile cloud!
The stinking cloud engulfs the centaur but does no damage.
The centaur is engulfed in noxious fumes.
The centaur appears confused.
The centaur is engulfed in noxious fumes.
The centaur appears confused.
Unknown command.
Unknown command.
The centaur is engulfed in noxious fumes.
The centaur appears confused.
The centaur mumbles something.
There is a stone staircase leading up here.
The wyvern bites you!
You die...

### #..####.### #.. ..##.....#
#### ###.# #.#....... #.. ..#.#
#.#....... #$#######
#.#.####....._... ####.#.....#
#.#......#.......
#........#.###.#)..##.#.......
#.###..#..รท.l)...#.##.##.....#
#.###(.#...##@...#.##.####.###
#.>.................... ......
#..#####...c.........#......##
#. #......#.......#.#... ..##
h.. #.#........#.....#.. # ###
#.#..###.....#####
#.#.......#..# ...............
..##....#......


You could see a wyvern (confused) and a centaur (confused).

Vanquished Creatures
  A necrophage (D:6)
  4 ogres (D:5)
  A wyvern zombie (D:5)
  A water moccasin zombie (D:6)
  A bullfrog zombie (D:5)
  A centaur zombie (D:5)
  Crazy Yiuf (D:3)
  A jelly (D:5)
  3 hounds
  A scorpion zombie (D:5)
  Natasha (thrice) (D:3)
  11 gnolls
  7 adders
  A shadow imp (D:6)
  2 worms (D:2)
  A dart slug (D:3)
  5 orcs
  A bat (D:2)
  5 endoplasms
  2 giant cockroaches
  A goblin (D:3)
  8 hobgoblins
  16 jackals
  3 kobolds
  3 quokkas
  2 ball pythons
  A frilled lizard (D:1)
  7 rats
94 creatures vanquished.

Vanquished Creatures (others)
  A fungus (D:3)
1 creature vanquished.

Grand Total: 95 creatures vanquished

Notes
Turn   | Place    | Note
-------+----------+-------------------------------------------
     0 | D:1      | pokeman the Deep Elf Hedge Wizard began the quest for the
                  | Orb.
     0 | D:1      | Reached XP level 1. HP: 10/10 MP: 7/7
   204 | D:1      | Found a faded altar of an unknown god.
   651 | D:1      | Reached XP level 2. HP: 16/16 MP: 6/9
  1152 | D:2      | Reached skill level 5 in Spellcasting
  1553 | D:2      | Reached XP level 3. HP: 12/20 MP: 1/11
  1558 | D:2      | Learned a level 3 spell: Mephitic Cloud
  1561 | D:2      | Learned a level 2 spell: Call Imp
  1564 | D:2      | Learned a level 2 spell: Blink
  1568 | D:2      | Learned a level 3 spell: Conjure Flame
  2022 | D:2      | Reached skill level 1 in Fighting
  2205 | D:2      | Reached skill level 1 in Armour
  2355 | D:3      | Found an opulent altar of Gozag.
  2359 | D:3      | Found Gozag's Platinum Reserve.
  2393 | D:3      | Noticed Natasha
  2399 | D:3      | Killed Natasha
  2400 | D:3      | Reached XP level 4. HP: 25/25 MP: 3/13
  2704 | D:3      | Found a runed translucent door.
  2705 | D:3      | Noticed Crazy Yiuf
  2794 | D:3      | Reached skill level 1 in Fire Magic
  2859 | D:3      | Noticed Natasha
  3124 | D:3      | Reached skill level 6 in Spellcasting
  3188 | D:3      | Killed Natasha
  3189 | D:3      | Reached XP level 5. HP: 11/29 MP: 8/15
  3488 | D:3      | Found a basalt altar of Yredelemnul.
  3565 | D:3      | Noticed Natasha
  3571 | D:3      | Killed Natasha
  3776 | D:3      | Killed Crazy Yiuf
  4135 | D:4      | Reached skill level 1 in Air Magic
  4221 | D:4      | Found a staircase to the Ecumenical Temple.
  4234 | Temple   | Entered the Ecumenical Temple
  4759 | D:5      | Entered Level 5 of the Dungeon
  5130 | D:5      | Reached XP level 6. HP: 34/34 MP: 11/17
  5202 | D:5      | Reached skill level 7 in Spellcasting
  5202 | D:5      | Reached skill level 1 in Poison Magic
  5336 | D:5      | Found Atuisus's Jewellery Boutique.
  5369 | D:5      | Reached skill level 1 in Evocations
  5576 | D:5      | Reached XP level 7. HP: 38/38 MP: 15/20
  5897 | D:5      | Reached skill level 8 in Spellcasting
  6459 | D:6      | Noticed a wyvern
  6633 | D:6      | Reached XP level 8. HP: 42/44 MP: 14/22
  6707 | D:6      | Reached skill level 9 in Spellcasting
  6770 | D:6      | Found a glowing golden altar of the Shining One.
  6820 | D:6      | Slain by a wyvern

Illustrated notes

Levels and vault maps discovered:
D:1:      scummos_arrival_star, layout_loops_cross,
          chequers_ecumenical_altar_island
D:2:      layout_loops_ring, minmay_misc_feat_pillars
D:3:      layout_basic, nicolae_gozag_zags_fifth_avenue, lemuel_round_altar,
          uniq_crazy_yiuf_cottage, uniq_natasha
D:4:      layout_basic, temple_fountains
D:5:      layout_cave_pods, serial_shops, nicolae_shop_behind_doors,
          minivault_24
D:6:      layout_basic, old_standard_altar, marbit_many_paths, kennysheep_mini,
          minmay_manual_mail
Temple:   cyrus_circular_temple

Skill      XL: |  1  2  3  4  5  6  7  8 |
---------------+-------------------------+-----
Spellcasting   | 5 6 7 8 9 |  9.1
Conjurations   | 2 3 4 |  4.6
Fighting       | 1 2 |  2.0
Armour         | 1 |  1.7
Fire Magic     | 1 3 |  3.2
Dodging        | 3 |  3.0
Air Magic      | 1 |  1.0
Stealth        | 3 |  3.0
Poison Magic   | 1 |  1.0
Evocations     | 1 |  1.0
Summonings     | |  1.1
Translocations | |  1.1

Action                   |  1- 3 |  4- 6 |  7- 9 || total
-------------------------+-------+-------+-------++-------
Melee: Dagger            |     3 |       |       ||     3
       Whip              |     4 |    18 |    13 ||    35
 Cast: Magic Dart        |   106 |   109 |    54 ||   269
       Mephitic Cloud    |     1 |     6 |     8 ||    15
       Call Imp          |       |     1 |       ||     1
       Blink             |       |     2 |     1 ||     3
       Conjure Flame     |       |     2 |     5 ||     7
 Stab: Confused          |       |     2 |     2 ||     4
Armor: Leather armour    |     7 |     4 |     2 ||    13
Dodge: Dodged            |    19 |    35 |    13 ||    67

Table legend: (Time is in decaauts)
 A = Elapsed time spent in this place.
 B = Non-inter-level travel time spent in this place.
 C = Inter-level travel time spent in this place.
 D = Time resting spent in this place.
 E = Time spent auto-exploring this place.
 F = Levels seen in this place.
 G = Mean time per level.
                   A        B        C        D        E       F      G
               +--------+--------+--------+--------+--------+-----+--------+
         Total |   6828 |   6584 |    244 |    613 |   5280 |   7 |  975.4 |
       Dungeon |   6772 |   6536 |    236 |    613 |   5237 |   6 | 1128.7 |
        Temple |     55 |     47 |      8 |      0 |     43 |   1 |   55.0 |
               +--------+--------+--------+--------+--------+-----+--------+

Top non-repeatable levels by time:
     D:2: 1508 daAuts
     D:3: 1474 daAuts
     D:5: 1465 daAuts
     D:1: 1068 daAuts
     D:4: 921 daAuts
     D:6: 333 daAuts
  Temple: 55 daAuts
